Map: Ever Dream LE

Players

NinjaKWick

  • Race: Terran Terran
  • League: Master
  • Spawn Location: 7:00

A.I. 2 (Very Easy) - Winner!

  • Race: Terran Terran
  • Spawn Location: 1:00

VOD

Have the link to the VOD?

Description

Time

  • Played on: May 27, 2020, 12:44 a.m.
  • Length: 7:27
Show
View Real Time Build Order
Export as new Build Order

NinjaKWick Terran 

Build Orders:  

Get SALT Encoding   

  12  0:01  SCV  
  13  0:13  SCV  
  14  0:17  Supply Depot  
  14  0:25  SCV  
  14  0:27  Refinery  
  15  0:38  SCV  
  16  0:45  Barracks  
  16  0:50  SCV  
  16  0:56  Refinery  
  17  1:04  SCV  
  18  1:16  SCV  
  19  1:32  Factory  
  19  1:34  Orbital Command  
  19  1:36  Reaper  
  20  1:46  Supply Depot  
  20  2:00  SCV  
  21  2:09  Reaper  
  21  2:13  SCV  
  23  2:16  Hellion  
  25  2:25  Command Center  
  25  2:26  SCV  
  26  2:37  Hellion  
  26  2:41  Reaper  
  30  2:44  SCV  
  30  2:45  Supply Depot  
  30  2:53  Starport  
  30  2:57  SCV  
  31  2:59  Factory Tech Lab  
  31  3:09  SCV  
  32  3:17  Barracks Tech Lab  
  32  3:19  Cyclone  
  35  3:21  Refinery  
  35  3:28  SCV  
  36  3:37  Orbital Command  
  36  3:40  SCV  
  37  3:48  Barracks Reactor  
  37  3:53  SCV  
  38  4:03  SCV  
  38  4:04  Raven  
  38  4:07  SCV  
  38  4:09  Supply Depot  
  42  4:26  SCV x2  
  42  4:27  Marine x2, Siege Tank  
  49  4:31  Command Center  
  49  4:38  Supply Depot, SCV  
  50  4:44  SCV  
  51  4:46  Marine x2  
  51  4:50  SCV  
  51  4:51  Bunker  
  51  4:52  Raven  
  56  4:56  SCV  
  57  5:12  Marine x2  
  57  5:13  Siege Tank, SCV x2  
  64  5:17  Supply Depot  
  64  5:25  SCV, Engineering Bay  
  64  5:26  Engineering Bay  
  65  5:29  SCV  
  65  5:30  Marine x2  
  68  5:48  SCV, Orbital Command  
  68  5:49  SCV  
  70  5:50  Supply Depot  
  70  5:58  Siege Tank  
  70  6:00  SCV  
  70  6:02  Barracks  
  74  6:04  Starport Reactor  
  74  6:09  Barracks  
  74  6:10  Orbital Command  
  74  6:11  Marine  
  74  6:16  Supply Depot, SCV x2  
  77  6:27  Refinery  
  77  6:28  SCV x2  
  77  6:31  Barracks x2  
  79  6:35  SCV  
  80  6:40  SCV  
  80  6:41  Marine  
  80  6:43  Siege Tank  
  80  6:46  SCV  
  86  6:47  SCV  
  86  6:51  Marine x2, Supply Depot  
  86  6:52  SCV  
  90  6:59  SCV  
  91  7:02  Marine, Starport Reactor  
  91  7:04  SCV  
  93  7:09  Marine x3  
  93  7:12  SCV  
  93  7:13  Supply Depot, SCV  
  98  7:18  Sensor Tower  
  98  7:21  Barracks Reactor  
  98  7:22  Barracks Reactor  
Show
View Real Time Build Order
Export as new Build Order

A.I. 2 (Very Easy) Terran - Winner!

Build Orders:  

Get SALT Encoding   

  12  0:00  SCV  
  13  0:13  SCV  
  14  0:18  Supply Depot  
  14  0:37  Refinery  
  14  0:41  Barracks  
  14  1:03  Supply Depot  
  14  1:12  Refinery  
  14  1:29  Marine, SCV  
  16  1:41  SCV  
  17  1:53  SCV  
  18  2:03  Marine  
  18  2:05  SCV  
  20  2:17  SCV  
  21  2:29  SCV  
  22  2:38  Marine  
  22  2:42  Orbital Command  
  23  4:19  SCV  
  23  5:55  Marine, SCV  
  25  5:57  Supply Depot  
  25  6:00  Factory  
  25  6:19  SCV  
  25  6:23  Supply Depot  
  26  6:28  Barracks Tech Lab  
  26  6:31  SCV  
  27  6:43  SCV  
  27  6:46  Marine  
  26  6:48  Command Center, Starport  
  26  6:55  SCV  
  28  7:24  Starport Tech Lab  
Tags
 
League
Master
Matchup
TvT
Race
Terran
Spawn Locations
Cross Positions
Add a new tag
Caveats
  • Supply blocks, unpowered buildings, or Contaminate may cause inaccurate times.
  • Supply counts are checked every 10 seconds.